TOP OF THE 1ST |
Fresno Grizzlies batting - Pitching for Nashville Sounds : RHP Gary Caldwell
|
Pitching: RHP Gary Caldwell
|
|
Batting: LHB Zack Berney
|
0-0: Swinging Strike 0-1: Foul Ball, location: 2F 0-2: Strikes out swinging, 2-3 out at first.
|
Batting: RHB Chris Fitzgerald
|
0-0: Ball 1-0: Ball 2-0: SINGLE (Line Drive, 89S, EV 103.1 MPH)
|
Batting: LHB Bob Myers
|
0-0: Swinging Strike 0-1: Ball 1-1: Ball 2-1: Ball 3-1: Foul Ball, location: 2F 3-2: Foul Ball, location: 2F 3-2: Foul Ball, location: 2F 3-2: Foul Ball, location: 2F 3-2: Fly out, F9 (Flyball, 89S, EV 86.9 MPH)
|
Batting: RHB Bill Cabrera
|
0-0: Foul Ball, location: 2F 0-1: Hit by Pitch Chris Fitzgerald to second
|
Batting: RHB Ramon Castellon
|
0-0: Ball 1-0: Ball 2-0: Called Strike 2-1: Ball 3-1: SINGLE (Groundball, 34D, EV 100.6 MPH) Chris Fitzgerald to third Bill Cabrera to second Runner from 3rd tries for Home, SAFE, throw by RF to home
|
Batting: RHB Paul Shell
|
0-0: Swinging Strike 0-1: Ball 1-1: Ball 2-1: Ball 3-1: Foul Ball, location: 2F 3-2: SINGLE (Groundball, 6MD, EV 94.4 MPH) Bill Cabrera to third Ramon Castellon to second Bill Cabrera scores Ramon Castellon to third
|
Batting: RHB Matt Parker
|
0-0: Swinging Strike 0-1: Foul Ball, location: 2F 0-2: Foul Ball, location: 2F 0-2: Ball 1-2: Ground out 5-3 (Groundball, 56S, EV 91.9 MPH)
|
Top of the 1st over - 2 runs, 3 hits, 0 errors, 2 left on base; Fresno 2 - Nashville 0 |
BOTTOM OF THE 1ST |
Nashville Sounds batting - Pitching for Fresno Grizzlies : RHP Doug Nickey
|
Pitching: RHP Doug Nickey
|
|
Batting: RHB Jerry Escamilla
|
0-0: Called Strike 0-1: Ball 1-1: Foul Ball, location: 2F 1-2: Foul Ball, location: 2F 1-2: Ball 2-2: Ball 3-2: Base on Balls
|
Batting: RHB Dan Boylan
|
0-0: Fly out, F8 (Flyball, 8RM, EV 96.2 MPH)
|
Batting: RHB Jeff Garofalo
|
0-0: Ball 1-0: SINGLE (Line Drive, 78S, EV 93.8 MPH) Jerry Escamilla to second
|
Batting: RHB Kevin Wiles
|
0-0: Ball 1-0: Called Strike 1-1: Called Strike 1-2: Ball 2-2: Strikes out swinging
|
Batting: RHB Antonio Gomez
|
0-0: Fly out, F8 (Flyball, 8LXD, EV 106.2 MPH)
|
Bottom of the 1st over - 0 runs, 1 hit, 0 errors, 2 left on base; Fresno 2 - Nashville 0 |
TOP OF THE 2ND |
Fresno Grizzlies batting - Pitching for Nashville Sounds : RHP Gary Caldwell
|
Batting: LHB Daniel Lopez
|
0-0: Called Strike 0-1: Called Strike 0-2: Reached on error, E4 (Groundball, 4, EV 82.5 MPH)
|
Batting: SHB Danny Jensen
|
0-0: Called Strike 0-1: SINGLE (Groundball, 25, EV 66.2 MPH) (infield hit) Daniel Lopez to second
|
Batting: LHB Zack Berney
|
0-0: Ball 1-0: Ball 2-0: Ball 3-0: Base on Balls Daniel Lopez to third Danny Jensen to second
|
Batting: RHB Chris Fitzgerald
|
0-0: Called Strike 0-1: Ball 1-1: SINGLE (Groundball, 56D, EV 95.0 MPH) Daniel Lopez scores Danny Jensen to third Zack Berney to second
|
Batting: LHB Bob Myers
|
0-0: Ball 1-0: Ball 2-0: Called Strike 2-1: Called Strike 2-2: Foul Ball, location: 2F 2-2: Fielders Choice at 2nd, 3-6 (Groundball, 34, EV 100.0 MPH) Danny Jensen scores Zack Berney to third
|
Batting: RHB Bill Cabrera
|
0-0: Ball 1-0: Ball 2-0: Fly out, F9 (Flyball, 9LS, EV 90.0 MPH) Runner from 3rd tags up, OUT at HOME! 9-2
|
Top of the 2nd over - 2 runs, 2 hits, 1 error, 1 left on base; Fresno 4 - Nashville 0 |
BOTTOM OF THE 2ND |
Nashville Sounds batting - Pitching for Fresno Grizzlies : RHP Doug Nickey
|
Batting: RHB Robby Godwin
|
0-0: Called Strike 0-1: Ground out 6-3 (Groundball, 6, EV 82.5 MPH)
|
Batting: RHB Josh Sinden
|
0-0: Ball 1-0: Ball 2-0: Ball 3-0: Called Strike 3-1: SINGLE (Groundball, 56D, EV 94.4 MPH)
|
Batting: RHB Ben Zeiler
|
0-0: Called Strike 0-1: Called Strike 0-2: Foul Ball, location: 2F 0-2: Ball 1-2: Ball Wild Pitch! Josh Sinden to second 2-2: Ball 3-2: Strikes out looking
|
Batting: RHB Jonathan Lugo
|
0-0: Ball 1-0: Called Strike 1-1: Fly out, F8 (Flyball, 89S, EV 85.0 MPH)
|
Bottom of the 2nd over - 0 runs, 1 hit, 0 errors, 1 left on base; Fresno 4 - Nashville 0 |
TOP OF THE 3RD |
Fresno Grizzlies batting - Pitching for Nashville Sounds : RHP Gary Caldwell
|
Batting: RHB Ramon Castellon
|
0-0: Called Strike 0-1: Ball 1-1: Ball 2-1: Foul Ball, location: 2F 2-2: Foul Ball, location: 2F 2-2: Strikes out swinging
|
Batting: RHB Paul Shell
|
0-0: Ball 1-0: Ball 2-0: Foul Ball, location: 2F 2-1: Foul Ball, location: 2F 2-2: Ground out 5-3 (Groundball, 56, EV 81.9 MPH)
|
Batting: RHB Matt Parker
|
0-0: Ground out 5-3 (Groundball, 56, EV 81.9 MPH)
|
Top of the 3rd over - 0 runs, 0 hits, 0 errors, 0 left on base; Fresno 4 - Nashville 0 |
BOTTOM OF THE 3RD |
Nashville Sounds batting - Pitching for Fresno Grizzlies : RHP Doug Nickey
|
Batting: RHB Jerry Escamilla
|
0-0: DOUBLE (Groundball, 3L, EV 96.9 MPH)
|
Batting: RHB Dan Boylan
|
0-0: Ball 1-0: Foul Ball, location: 2F 1-1: Ball 2-1: Ground out 4-3 (Groundball, 4, EV 99.4 MPH) Jerry Escamilla to third
|
Batting: RHB Jeff Garofalo
|
0-0: Ball 1-0: Called Strike 1-1: Swinging Strike 1-2: Foul Ball, location: 2F 1-2: Ball 2-2: Ball 3-2: Strikes out swinging
|
Batting: RHB Kevin Wiles
|
0-0: Ball 1-0: Ball 2-0: Ball 3-0: Base on Balls
|
Batting: RHB Antonio Gomez
|
0-0: Ball 1-0: Called Strike 1-1: Ball 2-1: Ball 3-1: Base on Balls Kevin Wiles to second
|
Batting: RHB Robby Godwin
|
0-0: Ball 1-0: Ground out 4-3 (Groundball, 4, EV 80.6 MPH)
|
Bottom of the 3rd over - 0 runs, 1 hit, 0 errors, 3 left on base; Fresno 4 - Nashville 0 |
TOP OF THE 4TH |
Fresno Grizzlies batting - Pitching for Nashville Sounds : RHP Gary Caldwell
|
Batting: LHB Daniel Lopez
|
0-0: Called Strike 0-1: Ball 1-1: Foul Ball, location: 2F 1-2: Foul Ball, location: 2F 1-2: Ball 2-2: Strikes out swinging
|
Batting: SHB Danny Jensen
|
0-0: Ball 1-0: Ball 2-0: Ball 3-0: Called Strike 3-1: Base on Balls
|
Batting: LHB Zack Berney
|
0-0: Ball 1-0: Called Strike 1-1: Foul Ball, location: 2F 1-2: Ball 2-2: Foul Ball, location: 2F 2-2: Fly out, F9 (Line Drive, 89M, EV 104.4 MPH)
|
Batting: RHB Chris Fitzgerald
|
0-0: Called Strike 0-1: DOUBLE (Flyball, 8LXD, EV 105.0 MPH) Danny Jensen to third Runner from 3rd tries for Home, SAFE, throw by CF to home
|
Pitching: RHP Tyler Smith
|
|
Batting: LHB Bob Myers
|
0-0: Called Strike 0-1: Ball 1-1: Ball 2-1: Ball 3-1: Ground out 5-3 (Groundball, 5, EV 110.0 MPH)
|
Top of the 4th over - 1 run, 1 hit, 0 errors, 1 left on base; Fresno 5 - Nashville 0 |
BOTTOM OF THE 4TH |
Nashville Sounds batting - Pitching for Fresno Grizzlies : RHP Doug Nickey
|
Batting: RHB Josh Sinden
|
0-0: Ball 1-0: Fly out, F9 (Flyball, 89S, EV 78.8 MPH)
|
Batting: RHB Ben Zeiler
|
0-0: Swinging Strike 0-1: Foul Ball, location: 2F 0-2: Foul Ball, location: 2F 0-2: Strikes out swinging
|
Batting: RHB Jonathan Lugo
|
0-0: Ground out 6-3 (Groundball, 6, EV 81.9 MPH)
|
Bottom of the 4th over - 0 runs, 0 hits, 0 errors, 0 left on base; Fresno 5 - Nashville 0 |
TOP OF THE 5TH |
Fresno Grizzlies batting - Pitching for Nashville Sounds : RHP Tyler Smith
|
Batting: RHB Bill Cabrera
|
0-0: Ball 1-0: Ball 2-0: Swinging Strike 2-1: Swinging Strike 2-2: Strikes out looking
|
Batting: RHB Ramon Castellon
|
0-0: Ball 1-0: Ball 2-0: Called Strike 2-1: Called Strike 2-2: Fly out, F9 (Flyball, 9LS, EV 89.4 MPH)
|
Batting: RHB Paul Shell
|
0-0: Ball 1-0: Foul Ball, location: 2F 1-1: Ball 2-1: SINGLE (Groundball, 6MD, EV 105.6 MPH)
|
Batting: RHB Matt Parker
|
0-0: Called Strike Paul Shell steals 2nd base (no throw) 0-1: Ball 1-1: Foul Ball, location: 2F 1-2: Foul Ball, location: 2F 1-2: SINGLE (Groundball, 6MD, EV 99.4 MPH) Paul Shell to third Runner from 3rd tries for Home, SAFE, throw by CF to home
|
Batting: LHB Daniel Lopez
|
0-0: Called Strike 0-1: Ball 1-1: Fly out, F8 (Flyball, 8RD, EV 83.1 MPH)
|
Top of the 5th over - 1 run, 2 hits, 0 errors, 1 left on base; Fresno 6 - Nashville 0 |
BOTTOM OF THE 5TH |
Nashville Sounds batting - Pitching for Fresno Grizzlies : RHP Doug Nickey
|
Batting: RHB Jerry Escamilla
|
0-0: Ball 1-0: Ball 2-0: Foul Ball, location: 2F 2-1: Foul Ball, location: 2F 2-2: Foul Ball, location: 2F 2-2: SINGLE (Flyball, 4MD, EV 95.0 MPH)
|
Batting: RHB Dan Boylan
|
0-0: Ball 1-0: Grounds into double play, 6-4-3 (Groundball, 6, EV 99.4 MPH)
|
Batting: RHB Jeff Garofalo
|
0-0: Foul Ball, location: 2F 0-1: Ball 1-1: Foul Ball, location: 2F 1-2: SINGLE (Groundball, 56D, EV 108.1 MPH)
|
Batting: RHB Kevin Wiles
|
0-0: Ball 1-0: Ball 2-0: SINGLE (Groundball, 5S, EV 75.0 MPH) (infield hit) Jeff Garofalo to second
|
Batting: RHB Antonio Gomez
|
0-0: Called Strike 0-1: Foul Ball, location: 2F 0-2: Ground out 4-3 (Groundball, 4, EV 84.4 MPH)
|
Bottom of the 5th over - 0 runs, 3 hits, 0 errors, 2 left on base; Fresno 6 - Nashville 0 |
TOP OF THE 6TH |
Fresno Grizzlies batting - Pitching for Nashville Sounds : RHP Tyler Smith
|
Batting: SHB Danny Jensen
|
0-0: Ball 1-0: Ball 2-0: Swinging Strike 2-1: Fly out, F7 (Line Drive, 7S, EV 90.6 MPH)
|
Batting: LHB Zack Berney
|
0-0: Called Strike 0-1: Ball 1-1: Ball 2-1: Foul Ball, location: 2F 2-2: SOLO HOME RUN (Flyball, 89XD, EV 98.8 MPH), Distance : 390 ft
|
Batting: RHB Chris Fitzgerald
|
0-0: Called Strike 0-1: Ball 1-1: Foul Ball, location: 2F 1-2: SINGLE (Line Drive, 6MD, EV 109.4 MPH)
|
Batting: LHB Bob Myers
|
0-0: Ball 1-0: Ball 2-0: Ball 3-0: Called Strike 3-1: Base on Balls Chris Fitzgerald to second
|
Batting: RHB Bill Cabrera
|
0-0: Foul Ball, location: 2F 0-1: Ball 1-1: Swinging Strike 1-2: Strikes out swinging
|
Batting: RHB Ramon Castellon
|
0-0: Called Strike 0-1: Ball 1-1: Foul Ball, location: 2F 1-2: Foul Ball, location: 2F 1-2: Ball 2-2: Ball 3-2: Base on Balls Chris Fitzgerald to third Bob Myers to second
|
Batting: RHB Paul Shell
|
0-0: Called Strike 0-1: Ball 1-1: Fielders Choice at 2nd, 5-4 (Groundball, 56, EV 83.1 MPH)
|
Top of the 6th over - 1 run, 2 hits, 0 errors, 3 left on base; Fresno 7 - Nashville 0 |
BOTTOM OF THE 6TH |
Nashville Sounds batting - Pitching for Fresno Grizzlies : RHP Doug Nickey
|
Batting: RHB Robby Godwin
|
0-0: Foul Ball, location: 2F 0-1: Ball 1-1: Ball 2-1: Swinging Strike 2-2: Ball 3-2: Base on Balls
|
Batting: RHB Josh Sinden
|
0-0: Ball 1-0: Ball 2-0: Called Strike 2-1: SINGLE (Groundball, 56D, EV 110.6 MPH) Robby Godwin to second
|
Batting: RHB Ben Zeiler
|
0-0: Called Strike 0-1: Foul Ball, location: 2F 0-2: Foul Ball, location: 2F 0-2: Ball 1-2: Foul Ball, location: 2F 1-2: Foul Ball, location: 2F 1-2: Ball 2-2: Hit by Pitch Robby Godwin to third Josh Sinden to second
|
Batting: RHB Jonathan Lugo
|
0-0: Called Strike 0-1: Swinging Strike 0-2: Ball 1-2: Ball 2-2: Fielders Choice at 2nd, 4-6 (Groundball, 34, EV 106.2 MPH) Robby Godwin scores Josh Sinden to third
|
Pitching: RHP Alex Alicea
|
|
Batting: RHB Jerry Escamilla
|
0-0: Called Strike Jonathan Lugo steals 2nd base (no throw) 0-1: Called Strike 0-2: Ball 1-2: Foul Ball, location: 2F 1-2: Ball 2-2: Ground out 6-3 (Groundball, 6, EV 84.4 MPH) Josh Sinden scores Jonathan Lugo to third
|
Batting: RHB Dan Boylan
|
0-0: Fly out, F4 (Popup, 23, EV 87.5 MPH)
|
Bottom of the 6th over - 2 runs, 1 hit, 0 errors, 1 left on base; Fresno 7 - Nashville 2 |
TOP OF THE 7TH |
Fresno Grizzlies batting - Pitching for Nashville Sounds : RHP Tyler Smith
|
Pitching: LHP Jimmy Rush
|
|
Batting: RHB Matt Parker
|
0-0: Ball 1-0: Called Strike 1-1: Hit by Pitch
|
Batting: LHB Daniel Lopez
|
0-0: Ball 1-0: Called Strike 1-1: Ball 2-1: Fly out, F8 (Flyball, 8LD, EV 107.5 MPH)
|
Batting: SHB Danny Jensen
|
0-0: Ball 1-0: Ball 2-0: Called Strike 2-1: Foul Ball, location: 2F 2-2: Foul Ball, location: 2F 2-2: Grounds into double play, 5-4-3 (Groundball, 56, EV 81.2 MPH)
|
Top of the 7th over - 0 runs, 0 hits, 0 errors, 0 left on base; Fresno 7 - Nashville 2 |
BOTTOM OF THE 7TH |
Nashville Sounds batting - Pitching for Fresno Grizzlies : RHP Alex Alicea
|
Batting: RHB Jeff Garofalo
|
0-0: Called Strike 0-1: Ball 1-1: Foul Ball, location: 2F 1-2: Ball 2-2: Ball 3-2: Foul Ball, location: 2F 3-2: Ground out 4-3 (Groundball, 4, EV 86.2 MPH)
|
Batting: RHB Kevin Wiles
|
0-0: SINGLE (Groundball, 6, EV 103.1 MPH)
|
Batting: RHB Antonio Gomez
|
0-0: Ball Kevin Wiles is caught stealing 2nd base 2-4 1-0: Swinging Strike 1-1: Called Strike 1-2: Ball 2-2: Fly out, F8 (Flyball, 89M, EV 89.4 MPH)
|
Bottom of the 7th over - 0 runs, 1 hit, 0 errors, 0 left on base; Fresno 7 - Nashville 2 |
TOP OF THE 8TH |
Fresno Grizzlies batting - Pitching for Nashville Sounds : LHP Jimmy Rush
|
Batting: LHB Zack Berney
|
0-0: Ball 1-0: Called Strike 1-1: Fly out, F8 (Flyball, 8RD, EV 86.2 MPH)
|
Batting: RHB Chris Fitzgerald
|
0-0: Called Strike 0-1: Ground out 6-3 (Groundball, 6, EV 83.8 MPH)
|
Batting: LHB Bob Myers
|
0-0: Foul Ball, location: 2F 0-1: Ground out 6-3 (Groundball, P, EV 81.9 MPH)
|
Top of the 8th over - 0 runs, 0 hits, 0 errors, 0 left on base; Fresno 7 - Nashville 2 |
BOTTOM OF THE 8TH |
Nashville Sounds batting - Pitching for Fresno Grizzlies : RHP Alex Alicea
|
Batting: RHB Robby Godwin
|
0-0: Fly out, F8 (Flyball, 8RD, EV 90.0 MPH)
|
Batting: RHB Josh Sinden
|
0-0: Called Strike 0-1: Called Strike 0-2: Ball 1-2: Foul Ball, location: 2F 1-2: Foul Ball, location: 2F 1-2: SINGLE (Groundball, 6S, EV 70.0 MPH) (infield hit)
|
Batting: RHB Ben Zeiler
|
0-0: Ball 1-0: Called Strike 1-1: Ground out 6-3 (Groundball, 6S, EV 76.2 MPH) Josh Sinden to second
|
Batting: RHB Jonathan Lugo
|
0-0: Ball 1-0: Ground out 1-3 (Groundball, P, EV 71.2 MPH)
|
Bottom of the 8th over - 0 runs, 1 hit, 0 errors, 1 left on base; Fresno 7 - Nashville 2 |
TOP OF THE 9TH |
Fresno Grizzlies batting - Pitching for Nashville Sounds : LHP Jimmy Rush
|
Batting: RHB Bill Cabrera
|
0-0: Ball 1-0: Called Strike 1-1: Called Strike 1-2: SINGLE (Groundball, 4MD, EV 95.0 MPH)
|
Batting: RHB Ramon Castellon
|
0-0: Foul Ball, location: 2F 0-1: Foul Ball, location: 2F 0-2: Fielders Choice at 2nd, 6-4 (Groundball, 6, EV 85.6 MPH)
|
Batting: RHB Paul Shell
|
0-0: Swinging Strike 0-1: Ball 1-1: Foul Ball, location: 2F 1-2: Strikes out swinging
|
Batting: RHB Matt Parker
|
0-0: Ball 1-0: Ball 2-0: Ball 3-0: Base on Balls Ramon Castellon to second
|
Batting: LHB Daniel Lopez
|
0-0: Called Strike 0-1: Foul Ball, location: 2F 0-2: Foul Ball, location: 2F 0-2: Ground out U3 (Groundball, 34D, EV 89.4 MPH)
|
Top of the 9th over - 0 runs, 1 hit, 0 errors, 2 left on base; Fresno 7 - Nashville 2 |
BOTTOM OF THE 9TH |
Nashville Sounds batting - Pitching for Fresno Grizzlies : RHP Alex Alicea
|
Batting: RHB Jerry Escamilla
|
0-0: Ball 1-0: Ground out 6-3 (Groundball, 6, EV 88.1 MPH)
|
Batting: RHB Dan Boylan
|
0-0: SINGLE (Flyball, 6MD, EV 88.8 MPH)
|
Batting: RHB Jeff Garofalo
|
0-0: Called Strike 0-1: Ball 1-1: Ball 2-1: Ball 3-1: Foul Ball, location: 2F 3-2: Ground out 4-3 (Groundball, 4MD, EV 91.2 MPH) Dan Boylan to second
|
Batting: RHB Kevin Wiles
|
0-0: Ball 1-0: Ball 2-0: Ball 3-0: Called Strike 3-1: DOUBLE (Line Drive, 9LS, EV 114.4 MPH) Dan Boylan scores
|
Pitching: RHP Arturo Vargas
|
|
Batting: RHB Antonio Gomez
|
0-0: Ball 1-0: Ball 2-0: Called Strike 2-1: Foul Ball, location: 2F 2-2: Foul Ball, location: 2F 2-2: Foul Ball, location: 2F 2-2: Foul Ball, location: 2F 2-2: Ball 3-2: Base on Balls
|
Pitching: RHP Willie Jimenez
|
|
Batting: RHB Robby Godwin
|
0-0: Swinging Strike 0-1: Ball 1-1: Called Strike 1-2: Ball 2-2: Strikes out looking
|
Bottom of the 9th over - 1 run, 2 hits, 0 errors, 2 left on base; Fresno 7 - Nashville 3 |
|